 Dungeon Crawl Stone Soup version 0.28.0-53-g5a82cb258f (webtiles) character file.

Game seed: 11770528677905412661

189 thiole the Sneak (level 5, -7/31 HPs)
             Began as an Octopode Hedge Wizard on May 27, 2022.
             Shot with an arrow by a centaur (11 damage)
             ... on level 7 of the Dungeon.
             The game lasted 00:11:07 (3468 turns).

thiole the Sneak (Octopode Hedge Wizard)            Turns: 3468, Time: 00:11:07

Health: -7/31      AC:  1    Str:  9    XL:     5   Next: 68%
Magic:  4/10       EV: 13    Int: 25    God:
Gold:   197        SH:  0    Dex: 11    Spells: 8/11 levels left

rFire   . . .      SeeInvis .   d - +1 dagger (elec)
rCold   . . .      Faith    .   p - orb {*channel}
rNeg    . . .      Spirit   .   b - +0 hat
rPois   .          Reflect  .   (no amulet)
rElec   .          Harm     .   c - +6 ring of intelligence
rCorr   .          Rampage  .   (no ring)
Will    .....                   (no ring)
Stlth   +++.......              (no ring)
HPRegen 0.10/turn               (no ring)
MPRegen 0.12/turn               (no ring)
                                (no ring)
                                (no ring)

@: no status effects
A: almost no armour, amphibious, 8 rings, camouflage 1, gelatinous body 1,
(nimble swimmer 1), tentacles
a: no special abilities


You were on level 7 of the Dungeon.
You visited 2 branches of the dungeon, and saw 6 of its levels.

You collected 197 gold pieces.

Inventory:

Hand Weapons
 a - a +0 dagger
 d - a +1 dagger of electrocution (weapon)
 r - a +3 dagger of venom
Armour
 b - a +0 hat (worn)
 p - an orb of energy (worn)
Jewellery
 c - a +6 ring of intelligence (left tentacle)
 e - a ring of fire
 t - an amulet of guardian spirit
Wands
 f - a wand of flame (19)
Scrolls
 g - a scroll of noise {unknown}
 i - a scroll of fog
 o - a scroll of enchant weapon
 q - a scroll of teleportation
 w - a scroll of silence {unknown}
Potions
 h - a potion of curing {unknown}
 j - a potion of brilliance {unknown}
 k - a potion of degeneration {unknown}
 l - 2 potions of berserk rage {unknown}
 m - a potion of heal wounds {unknown}
 n - a potion of resistance {unknown}
 s - a potion of magic {unknown}
 u - a potion of cancellation {unknown}
 v - 2 potions of might {unknown}


   Skills:
 - Level 2.0 Dodging
 + Level 4.4 Stealth
 + Level 3.7 Spellcasting
 - Level 1.0 Conjurations
 * Level 3.6 Summonings
 - Level 1.0 Translocations
 + Level 1.5 Evocations


You had 8 spell levels left.
You knew the following spells:

 Your Spells              Type           Power      Damage    Failure   Level
a - Magic Dart            Conj           36%        1d4       6%          1
b - Call Imp              Summ           23%        N/A       3%          2

Your spell library contained the following spells:

 Spells                   Type           Power      Damage    Failure   Level
 Slow                     Hex            16%        N/A       10%         1
 Blink                    Tloc           18%        N/A       10%         2
 Static Discharge         Conj/Air       7%         N/A       12%         2
 Sublimation of Blood     Necr           4%         N/A       14%         2
 Wereblood                Tmut           4%         N/A       14%         2
 Conjure Flame            Conj/Fire      7%         6-21      22%         3
 Mephitic Cloud           Conj/Pois/Air  6%         N/A       24%         3
 Sticky Flame             Conj/Fire      7%         2d3       58%         4
 Dispel Undead            Necr           4%         3d7       67%         4
 Summon Hydra             Summ           11%        N/A       100%        7


Dungeon Overview and Level Annotations

Branches:
Dungeon (7/15)             Temple (1/1) D:7

Altars:
Cheibriados
Dithmenos
Elyvilon
Fedhas
Gozag
Hepliaklqana
Makhleb
Nemelex Xobeh
Okawaru
Qazlal
Ru
Sif Muna
Trog
Uskayaw
Vehumet
Zin
The Shining One

Annotations:
D:3 Natasha
D:7 3 runed translucent doors, ShadowYui's ghost, novice HuFi


Innate Abilities, Weirdness & Mutations

You cannot wear most types of armour.
You are amphibious.
You can wear up to eight rings at the same time.
Your skin changes colour to match your surroundings (Stealth+).
Your rubbery body absorbs attacks. (AC +1, EV +1)
((You are camouflaged when in or above water. (Stealth+)))
You have tentacles for arms and can constrict up to eight enemies at once.


Message History

Casting: Call Imp (safe; 3% risk of failure)
Confirm with . or Enter, or press ? or * to list all spells.
You don't have enough magic to cast this spell.
Casting: Call Imp (safe; 3% risk of failure)
Confirm with . or Enter, or press ? or * to list all spells.
Aiming: Magic Dart (safe; 6% risk of failure)
Press: ? - help, Shift-Dir - straight line, f - wight
Aim: a wight, wielding a +3 mace of freezing and wearing a +0 robe (moderately damaged, 100% to hit)
The magic dart hits the wight but does no damage.
The wight is moderately damaged.
You hit the wight but do no damage. Your grab misses the wight.
The wight is moderately damaged.
The wight hits you with a +3 mace of freezing!
The wight freezes you. The wight barely misses you.
As you read the scroll of teleportation, it crumbles to dust.
You feel strangely unstable. The wight barely misses you. x2
Your surroundings suddenly seem different.
An orc comes into view.
It is wielding a +2 short sword of venom.
Found four items.
A sky beast comes into view.
A centaur comes into view.
The centaur shouts!
The centaur wields a +0 shortbow.
The centaur shoots an arrow.
The arrow hits you.
The centaur shoots an arrow.
The arrow barely misses you.
The centaur shoots an arrow.
The arrow misses you.
You open the door.
The centaur shoots an arrow.
The arrow hits you!
* * * LOW HITPOINT WARNING * * *
There is an open door here.
Found an orange potion.
Blink to where?
Press: ? - help, Dir - move target
Found a stone staircase leading up.
As you read the scroll of blinking, it crumbles to dust.
m - an orange potion
There is a stone staircase leading up here.
The centaur shoots an arrow.
The arrow barely misses you.
The centaur shoots an arrow.
The arrow hits you!
You die...

#Y.####### #....#
..# #.........
....... ..
#............!.....
.
#.........[.........
#..##.##.##.##..####
#'######.##.#
#..c........+
#...........#
#.........@.#
#...........#
#..##.###..## ####
.# #..# . ....+
......# .###### ..
..


You could see a centaur.

Vanquished Creatures
  A bullfrog (D:3)
  Jessica (D:3)
  Natasha (D:3)
  3 adders
  A white imp (D:7)
  A dart slug (D:2)
  An orc (D:7)
  3 ball pythons (D:1)
  4 bats
  2 endoplasms
  A hobgoblin (D:1)
  3 frilled lizards
  8 goblins
  5 kobolds
  4 rats (D:3)
39 creatures vanquished.

Vanquished Creatures (collateral kills)
  3 ball pythons (D:3)
  An endoplasm (D:3)
4 creatures vanquished.

Grand Total: 43 creatures vanquished

Notes
Turn   | Place    | Note
-------+----------+-------------------------------------------
     0 | D:1      | thiole the Octopode Hedge Wizard began the quest for the
                  | Orb.
     0 | D:1      | Reached XP level 1. HP: 11/11 MP: 4/4
   511 | D:1      | Reached skill level 3 in Stealth
   511 | D:1      | Reached XP level 2. HP: 17/17 MP: 3/6
   890 | D:1      | Found a faded altar of an unknown god.
  1308 | D:2      | Reached XP level 3. HP: 13/21 MP: 7/7
  1998 | D:3      | Learned a level 2 spell: Call Imp
  2118 | D:3      | Reached XP level 4. HP: 27/27 MP: 2/9
  2246 | D:3      | Found a sparkling altar of Nemelex Xobeh.
  2270 | D:3      | Noticed Natasha
  2278 | D:3      | Killed Natasha
  2415 | D:3      | Noticed Jessica
  2422 | D:3      | Killed Jessica
  2423 | D:3      | Reached skill level 4 in Stealth
  2423 | D:3      | Reached XP level 5. HP: 31/31 MP: 3/10
  2528 | D:3      | Reached skill level 1 in Evocations
  2777 | D:4      | Noticed an ogre
  2811 | D:3      | HP: 1/31 [bullfrog (5)]
  2816 | D:3      | Noticed Natasha
  3114 | D:4      | Noticed a lemure
  3114 | D:4      | You fall into a shaft and drop 3 floors!
  3147 | D:7      | Found a staircase to the Ecumenical Temple.
  3156 | Temple   | Entered the Ecumenical Temple
  3389 | D:7      | Found a runed translucent gate.
  3389 | D:7      | Found a runed translucent gate.
  3389 | D:7      | Found a runed translucent gate.
  3391 | D:7      | Noticed ShadowYui's ghost (novice HuFi)
  3398 | D:7      | Noticed a water moccasin
  3445 | D:7      | Noticed a sky beast
  3456 | D:7      | Noticed a centaur
  3468 | D:7      | Shot with an arrow by a centaur

Illustrated notes

Levels and vault maps discovered:
D:1:      sevenhm_arrival_forest_fort_small_3, layout_basic,
          hellmonk_ecumenical_altar_lost_god
D:2:      layout_basic, minmay_fountain_box, chequers_serial_rivers_micro_c,
          grunt_decor_cap, minmay_distorted
D:3:      layout_rooms, nemelex_xobeh_ov_fountains_minmay,
          kennysheep_generic_room_16, uniq_jessica, uniq_natasha
D:4:      layout_gridville, uniq_pikel, uniq_duvessa
D:7:      layout_gridville, minmay_temple_entry_crystal_x,
          gammafunk_ghost_split, minivault_11, nicolae_stop_n_shop_1,
          minmay_misc_feat_columns, lemuel_flame_loot_1
Temple:   minmay_crystal_snake_temple

Skill      XL: |  1  2  3  4  5 |
---------------+----------------+-----
Stealth        | 3 4 |  4.4
Summonings     | 2 3 |  3.6
Evocations     | 1 |  1.5
Dodging        | |  2.0
Spellcasting   | |  3.7
Conjurations   | |  1.0
Translocations | |  1.0

Action                   |  1- 3 |  4- 6 || total
-------------------------+-------+-------++-------
Melee: Dagger            |    21 |    11 ||    32
       Constrict         |     7 |     4 ||    11
       Tentacles         |     3 |     2 ||     5
       Punch             |       |     1 ||     1
 Cast: Magic Dart        |    33 |    32 ||    65
       Call Imp          |     2 |    12 ||    14
Evoke: Wand              |       |     3 ||     3
  Use: Scroll            |       |     6 ||     6
 Stab: Sleeping          |     6 |     1 ||     7
Armor: Skin              |     1 |       ||     1
Dodge: Dodged            |    15 |    17 ||    32
